 Dungeon Crawl Stone Soup version 0.28.0-47-ge53b351184 (webtiles) character file.

Game seed: 17568537148989662038

42 Exodus22XD the Chopper (level 3, 0/34 HPs)
             Began as a Hill Orc Monk on May 7, 2022.
             Slain by an iguana (10 damage)
             ... on level 4 of the Dungeon.
             The game lasted 00:01:46 (981 turns).

Exodus22XD the Chopper (Hill Orc Monk)               Turns: 981, Time: 00:01:47

Health: 0/34       AC:  5    Str: 15    XL:     3   Next: 54%
Magic:  3/3        EV: 11    Int: 10    God:
Gold:   73         SH:  0    Dex: 13    Spells: 2/2 levels left

rFire   . . .      SeeInvis .   e - +0 war axe
rCold   . . .      Faith    .   (no shield)
rNeg    . . .      Spirit   .   f - +0 ring mail
rPois   .          Reflect  .   (no helmet)
rElec   .          Harm     .   (no cloak)
rCorr   .          Rampage  .   (no gloves)
Will    .....                   (no boots)
Stlth   +.........              (no amulet)
HPRegen 0.11/turn               (no ring)
MPRegen 0.08/turn               (no ring)

@: no status effects
A: no striking features
a: no special abilities


You were on level 4 of the Dungeon.
You visited 1 branch of the dungeon, and saw 4 of its levels.

You collected 73 gold pieces.

Inventory:

Hand Weapons
 e - a +0 war axe (weapon)
Armour
 b - a +0 robe
 f - a +0 ring mail (worn)
Scrolls
 a - a scroll of vulnerability {unknown}
Potions
 c - 2 potions of flight {unknown}
 d - 2 potions of mutation {unknown}


   Skills:
 + Level 4.3 Fighting
 + Level 4.9 Axes
 * Level 1.3 Armour
 - Level 2.4 Dodging
 - Level 1.5 Stealth


You had 2 spell levels left.
You didn't know any spells.
Your spell library was empty.

Dungeon Overview and Level Annotations

Branches:
Dungeon (4/15)
 Temple: D:4-7

Altars:

Shops:
D:3 :


Message History

You climb downwards.
Found a scroll labelled WIREKLEOMMO.
There is a stone staircase leading up here.
a - a scroll labelled WIREKLEOMMO A ball python comes into view.
Unknown command.
You hit the ball python.
You kill the ball python!
No target in view!
You see here a ball python corpse.
You open the door.
There is an open door here.
Found a stone staircase leading down.
An orc comes into view. It is wielding a +0 hand axe.
An iguana comes into view.
The iguana hisses angrily.
The orc hits you with a +0 hand axe.
You barely miss the orc. The orc hits you but does no damage.
You hit the orc.
The orc is heavily wounded.
The orc hits you with a +0 hand axe. The orc hits you but does no damage.
You barely miss the orc.
The orc is heavily wounded.
You barely miss the iguana. The iguana closely misses you.
The orc closely misses you. The iguana barely misses you.
You slash the orc!
You kill the orc!
You hit the iguana. The iguana bites you.
You hit the iguana.
The iguana is severely wounded.
The iguana bites you!
You barely miss the iguana.
The iguana is severely wounded.
The iguana bites you.
* * * LOW HITPOINT WARNING * * *
You barely miss the iguana.
The iguana is severely wounded.
The iguana hisses menacingly.
The iguana bites you!
You die...

.......#.# .....#.#
#+#...#.# #<....#.#
####..#.# #.....#.#
#.###.#'###### # #.#
#†........# +.. #@#
#.........#
#....#l###.........#
......>).............
###.........#.#######
#........##.#.#
#.######.##.#.# #
#.##.#.# #.##.#
#.##.#


You could see an iguana.

Vanquished Creatures
  An adder (D:2)
  A dart slug (D:3)
  2 orcs
  4 endoplasms
  3 goblins
  A hobgoblin (D:3)
  A quokka (D:1)
  6 ball pythons
  4 bats
  4 kobolds
  2 rats
29 creatures vanquished.

Notes
Turn   | Place    | Note
-------+----------+-------------------------------------------
     0 | D:1      | Exodus22XD the Hill Orc Monk began the quest for the Orb.
     0 | D:1      | Reached XP level 1. HP: 19/19 MP: 1/1
   291 | D:1      | Reached XP level 2. HP: 27/27 MP: 2/2
   303 | D:2      | Reached skill level 1 in Armour
   639 | D:3      | Reached XP level 3. HP: 32/33 MP: 3/3
   729 | D:3      | Found Xisexas's Book Shop.
   785 | D:3      | Noticed a necrophage
   981 | D:4      | Slain by an iguana

Illustrated notes

Levels and vault maps discovered:
D:1:      dpeg_arrival_arbitrary_a, layout_loops_ring, grunt_decor_clamped,
          lemuel_old_faithful
D:2:      layout_rooms, chequers_serial_rivers_small_a
D:3:      layout_basic, worldfamousw_hep_ancestral_shrine, serial_shops, shop,
          nicolae_shop_window_shopping, shop
D:4:      layout_basic, ebering_ghost_sewer_d, serial_bayou_lagoon_a, uniq_ijyb,
          uniq_pikel

Skill      XL: |  1  2 |
---------------+-------+-----
Fighting       | 4 |  4.3
Armour         | 1 |  1.3
Axes           | |  4.9
Dodging        | |  2.4
Stealth        | |  1.5

Action                   || total
-------------------------++-------
Melee: Hand axe          ||    74
       War axe           ||    22
       Punch             ||     1
 Stab: Sleeping          ||     2
Armor: Robe              ||    23
       Ring mail         ||     7
Dodge: Dodged            ||    85
